 Dungeon Crawl Stone Soup version 0.19-a0-1803-g97ff39f (webtiles) character file.

65 Proteus the Covert (level 3, 0/18 HPs)
             Began as a Spriggan Assassin on Oct 5, 2016.
             Slain by a gnoll
             ... wielding a +0 whip
              (2 damage)
             ... on level 2 of the Dungeon.
             The game lasted 00:03:40 (2006 turns).

Proteus the Covert (Spriggan Assassin)              Turns: 2006, Time: 00:03:41

Health: 0/18       AC:  4    Str:  7    XL:     3   Next: 92%
Magic:  4/4        EV: 17    Int: 12    God:
Gold:   79         SH:  0    Dex: 18    Spells: 0 memorised, 2 levels left

rFire  . . .     SeeInvis +     m - +2 short sword (elec)
rCold  . . .     Gourm    .     c - +0 robe
rNeg   . . .     Faith    .     (shield restricted)
rPois  .         Spirit   .     (helmet restricted)
rElec  .         Dismiss  .     d - +1 cloak
rCorr  .         Reflect  .     (gloves unavailable)
MR     .....     Harm     .     (boots unavailable)
Stlth  ++++......               (no amulet)
                                (no ring)
                                (no ring)

@: very quick
A: unfitting armour, see invisible, herbivore 3, speed 3, slow metabolism 2
a: no special abilities


You were on level 2 of the Dungeon.
You were not hungry.

You visited 1 branch of the dungeon, and saw 2 of its levels.

You collected 79 gold pieces.

Inventory:

Hand Weapons
 a - a +2 dagger
 b - a +0 blowgun
 m - a +2 short sword of electrocution (weapon)
Missiles
 e - 23 poisoned needles
 f - 2 curare-tipped needles
Armour
 c - a +0 robe (worn)
 d - a +1 cloak (worn)
Scrolls
 h - a scroll of remove curse
 j - a scroll of recharging
 k - a scroll of teleportation
Potions
 i - 3 potions of flight
 l - a potion of magic {unknown}
 n - a potion of agility {unknown}
Comestibles
 g - 2 bread rations
 p - a slice of pizza


   Skills:
 - Level 1.5 Fighting
 - Level 2.1 Short Blades
 - Level 2.0 Throwing
 - Level 1.5 Dodging
 + Level 8.4 Stealth


You had 2 spell levels left.
You didn't know any spells.

Dungeon Overview and Level Annotations

Branches:
Dungeon (2/15)

Altars:


Innate Abilities, Weirdness & Mutations

You are very small and have problems with some larger weapons.
You are too small for most types of armour.
You have supernaturally acute eyesight. (SInv)
You are a herbivore.
You cover ground extremely quickly.
You need consume almost no food.


Message History

The gnoll is moderately wounded.
The gnoll closely misses you. The gnoll hits you but does no damage.
You closely miss the gnoll.
The gnoll is moderately wounded.
The gnoll barely misses you. The gnoll hits you but does no damage.
You completely miss the gnoll.
The gnoll is moderately wounded.
The gnoll hits you from afar with a spear.
The gnoll barely misses you.
You barely miss the gnoll.
The gnoll is moderately wounded.
The gnoll hits you from afar with a spear!
Ouch! That really hurt!
The gnoll misses you.
You barely miss the gnoll.
The gnoll is moderately wounded.
The gnoll hits you from afar with a spear.
* * * LOW HITPOINT WARNING * * *
The gnoll hits you with a whip.
You die...

#.# #.# #.##
#.# #...
#.###### #..#
#......# #..#
#.####.# ##..#
#.####.####.gg#
#....)#...!.)g#
######.####..@#
#.######.#
#.)......#
#.######## #†#
..# ##.# #.#
#.#


You could see 2 gnolls and a goblin.

Vanquished Creatures
  A gnoll (D:2)
  An adder (D:2)
  3 dart slugs
  5 bats
  7 goblins
  6 hobgoblins
  6 jackals (D:1)
  2 frilled lizards (D:1)
  4 kobolds (D:1)
  6 rats (D:1)
41 creatures vanquished.

Notes
Turn   | Place    | Note
-------+----------+-------------------------------------------
     0 | D:1      | Proteus the Spriggan Assassin began the quest for the Orb.
     0 | D:1      | Reached XP level 1. HP: 10/10 MP: 2/2
    32 | D:1      | Reached skill level 6 in Stealth
   467 | D:1      | Reached XP level 2. HP: 14/14 MP: 3/3
   555 | D:1      | Reached skill level 7 in Stealth
   783 | D:1      | Reached XP level 3. HP: 12/18 MP: 4/4
  1880 | D:2      | Reached skill level 8 in Stealth
  2006 | D:2      | Slain by a gnoll

Vault maps used:
D:1:      minmay_arrival_checkered_box
D:2:      st_stairs_6

Skill      XL: |  1  2  3 |
---------------+----------+-----
Stealth        | 6 7 8 |  8.4
Fighting       | |  1.5
Short Blades   | |  2.1
Throwing       | |  2.0
Dodging        | |  1.5

Action                   || total
-------------------------++-------
Melee: Dagger            ||   125
       Short sword       ||     9
  Use: Scroll            ||     9
 Stab: Sleeping          ||    15
       Distracted        ||     1
Armor: Robe              ||    21
Dodge: Dodged            ||    89
